| TOP OF THE 1ST |
|
Hillsboro Hops batting - Pitching for State College Spikes : LHP Chris Morales
|
|
Pitching: LHP Chris Morales
|
|
|
Batting: RHB Yutaka Oki
|
0-0: Ground out U3 (Groundball, 34S, EV 69.4 MPH)
|
|
Batting: RHB Daniel Rivera
|
0-0: Called Strike 0-1: Ball 1-1: Ball 2-1: SINGLE (Groundball, 56D, EV 106.2 MPH)
|
|
Batting: RHB Alejandro Hernandez
|
0-0: Called Strike 0-1: Fielders Choice at 2nd, 6-4 (Groundball, 6, EV 87.5 MPH)
|
|
Batting: RHB Tim Borden
|
0-0: Ball 1-0: Ball 2-0: Called Strike 2-1: Ball Alejandro Hernandez is caught stealing 2nd base 2-4
|
| Top of the 1st over - 0 runs, 1 hit, 0 errors, 0 left on base; Hillsboro 0 - State College 0 |
| BOTTOM OF THE 1ST |
|
State College Spikes batting - Pitching for Hillsboro Hops : RHP Nick Garland
|
|
Pitching: RHP Nick Garland
|
|
|
Batting: RHB Sam Daw
|
0-0: Ball 1-0: SINGLE (Line Drive, 89S, EV 108.8 MPH)
|
|
Batting: RHB Tim Cleary
|
0-0: Called Strike 0-1: Foul Ball, location: 2F 0-2: 2-RUN HOME RUN (Flyball, 7D, EV 101.2 MPH), Distance : 389 ft
|
|
Batting: LHB Ignacio Ocampo
|
0-0: DOUBLE (Line Drive, 9LM, EV 115.0 MPH)
|
|
Batting: RHB Joe LaDue
|
0-0: Called Strike 0-1: Called Strike 0-2: Ball 1-2: Ground out 4-3 (Groundball, 4, EV 85.6 MPH) Ignacio Ocampo to third
|
|
Batting: LHB Jorge Zarazua
|
0-0: Swinging Strike 0-1: Ball 1-1: Ball 2-1: SINGLE (Groundball, 4MD, EV 101.9 MPH) Ignacio Ocampo scores
|
|
Batting: RHB McGwire Jones
|
0-0: Fly out, F7 (Flyball, 7LS, EV 90.6 MPH)
|
|
Batting: SHB Justin Houser
|
0-0: Ball 1-0: Called Strike 1-1: Ball 2-1: Foul Ball, location: 2F 2-2: Foul Ball, location: 2F 2-2: Foul Ball, location: 2F 2-2: Strikes out looking
|
| Bottom of the 1st over - 3 runs, 4 hits, 0 errors, 1 left on base; Hillsboro 0 - State College 3 |
| TOP OF THE 2ND |
|
Hillsboro Hops batting - Pitching for State College Spikes : LHP Chris Morales
|
|
Batting: RHB Tim Borden
|
0-0: Foul Ball, location: 2F 0-1: Called Strike 0-2: Ball 1-2: Strikes out swinging
|
|
Batting: LHB Franklin Quezada
|
0-0: Called Strike 0-1: Ball 1-1: Foul Ball, location: 2F 1-2: Strikes out swinging
|
|
Batting: RHB Cesar Rendon
|
0-0: Ball 1-0: Ball 2-0: Called Strike 2-1: Fly out, F8 (Flyball, 8LD, EV 97.5 MPH)
|
| Top of the 2nd over - 0 runs, 0 hits, 0 errors, 0 left on base; Hillsboro 0 - State College 3 |
| BOTTOM OF THE 2ND |
|
State College Spikes batting - Pitching for Hillsboro Hops : RHP Nick Garland
|
|
Batting: LHB Billy Lang
|
0-0: Ball 1-0: Ball 2-0: Foul Ball, location: 2F 2-1: Ball 3-1: Fly out, F9 (Flyball, 9, EV 78.1 MPH)
|
|
Batting: SHB Justin Towry
|
0-0: Called Strike 0-1: Ball 1-1: Ball 2-1: Ball 3-1: Ground out 4-3 (Groundball, 4S, EV 81.9 MPH)
|
|
Batting: RHB Sam Daw
|
0-0: Ball 1-0: Ball 2-0: Called Strike 2-1: Called Strike 2-2: Foul Ball, location: 2F 2-2: Ball 3-2: Base on Balls
|
|
Batting: RHB Tim Cleary
|
0-0: Fielders Choice at 2nd, U6 (Groundball, 6M, EV 83.8 MPH)
|
| Bottom of the 2nd over - 0 runs, 0 hits, 0 errors, 1 left on base; Hillsboro 0 - State College 3 |
| TOP OF THE 3RD |
|
Hillsboro Hops batting - Pitching for State College Spikes : LHP Chris Morales
|
|
Batting: RHB Jonathan Underhill
|
0-0: Fly out, F8 (Flyball, 8RD, EV 96.9 MPH)
|
|
Batting: RHB Ryuki Ogasawara
|
0-0: Ball 1-0: Called Strike 1-1: Ball 2-1: Foul Ball, location: 2F 2-2: Ground out 6-3 (Groundball, 6D, EV 81.9 MPH)
|
|
Batting: RHB John Ricketts
|
0-0: Ball 1-0: DOUBLE (Flyball, 89D, EV 98.8 MPH)
|
|
Batting: RHB Yutaka Oki
|
0-0: Ball 1-0: Ball 2-0: Foul Ball, location: 2F 2-1: Swinging Strike 2-2: Strikes out looking
|
| Top of the 3rd over - 0 runs, 1 hit, 0 errors, 1 left on base; Hillsboro 0 - State College 3 |
| BOTTOM OF THE 3RD |
|
State College Spikes batting - Pitching for Hillsboro Hops : RHP Nick Garland
|
|
Batting: LHB Ignacio Ocampo
|
0-0: Ground out 1-3 (Groundball, 13, EV 72.5 MPH)
|
|
Batting: RHB Joe LaDue
|
0-0: Called Strike 0-1: Foul Ball, location: 2F 0-2: Ground out 2-3 (Groundball, 2L, EV 70.6 MPH)
|
|
Batting: LHB Jorge Zarazua
|
0-0: Ball 1-0: Ball 2-0: Called Strike 2-1: Swinging Strike 2-2: Ball 3-2: Strikes out swinging
|
| Bottom of the 3rd over - 0 runs, 0 hits, 0 errors, 0 left on base; Hillsboro 0 - State College 3 |
| TOP OF THE 4TH |
|
Hillsboro Hops batting - Pitching for State College Spikes : LHP Chris Morales
|
|
Batting: RHB Daniel Rivera
|
0-0: Swinging Strike 0-1: Foul Ball, location: 2F 0-2: Ball 1-2: Ball 2-2: Strikes out swinging
|
|
Batting: RHB Alejandro Hernandez
|
0-0: Called Strike 0-1: Ball 1-1: Foul Ball, location: 2F 1-2: Ball 2-2: Foul Ball, location: 2F 2-2: Foul Ball, location: 2F 2-2: Ball 3-2: Base on Balls
|
|
Batting: RHB Tim Borden
|
0-0: Ball Alejandro Hernandez steals 2nd base 1-0: Called Strike 1-1: Foul Ball, location: 2F 1-2: Foul Ball, location: 2F 1-2: 2-RUN HOME RUN (Flyball, 7LD, EV 101.9 MPH), Distance : 378 ft
|
|
Batting: LHB Franklin Quezada
|
0-0: Foul Ball, location: 2F 0-1: Ground out 6-3 (Groundball, 6M, EV 90.0 MPH)
|
|
Batting: RHB Cesar Rendon
|
0-0: Foul Ball, location: 2F 0-1: Ball 1-1: Ball 2-1: Ball 3-1: Foul Ball, location: 2F 3-2: Base on Balls
|
|
Batting: RHB Jonathan Underhill
|
0-0: Fly out, F9 (Line Drive, 9LD, EV 106.9 MPH)
|
| Top of the 4th over - 2 runs, 1 hit, 0 errors, 1 left on base; Hillsboro 2 - State College 3 |
| BOTTOM OF THE 4TH |
|
State College Spikes batting - Pitching for Hillsboro Hops : RHP Nick Garland
|
|
Batting: RHB McGwire Jones
|
0-0: Called Strike 0-1: Called Strike 0-2: Foul Ball, location: 2F 0-2: Ball 1-2: Foul Ball, location: 2F 1-2: Strikes out swinging
|
|
Batting: SHB Justin Houser
|
0-0: Called Strike 0-1: Swinging Strike 0-2: Ball 1-2: Ball 2-2: Ground out 6-3 (Groundball, 6, EV 83.1 MPH)
|
|
Batting: LHB Billy Lang
|
0-0: Swinging Strike 0-1: Called Strike 0-2: Strikes out swinging
|
| Bottom of the 4th over - 0 runs, 0 hits, 0 errors, 0 left on base; Hillsboro 2 - State College 3 |
| TOP OF THE 5TH |
|
Hillsboro Hops batting - Pitching for State College Spikes : LHP Chris Morales
|
|
Batting: RHB Ryuki Ogasawara
|
0-0: Called Strike 0-1: Foul Ball, location: 2F 0-2: Strikes out looking
|
|
Batting: RHB John Ricketts
|
0-0: Ball 1-0: Swinging Strike 1-1: Swinging Strike 1-2: Ball 2-2: Strikes out swinging
|
|
Batting: RHB Yutaka Oki
|
0-0: Ball 1-0: Called Strike 1-1: Ball 2-1: Fly out, F7 (Flyball, 78S, EV 76.2 MPH)
|
| Top of the 5th over - 0 runs, 0 hits, 0 errors, 0 left on base; Hillsboro 2 - State College 3 |
| BOTTOM OF THE 5TH |
|
State College Spikes batting - Pitching for Hillsboro Hops : RHP Nick Garland
|
|
Batting: SHB Justin Towry
|
0-0: Ball 1-0: Foul Ball, location: 2F 1-1: Foul Ball, location: 2F 1-2: Foul Ball, location: 2F 1-2: Fly out, F7 (Flyball, 7LD, EV 85.6 MPH)
|
|
Batting: RHB Sam Daw
|
0-0: Foul Ball, location: 2F 0-1: Foul Ball, location: 2F 0-2: Ball 1-2: Ball 2-2: Ball 3-2: Foul Ball, location: 2F 3-2: Strikes out swinging, 2-3 out at first.
|
|
Batting: RHB Tim Cleary
|
0-0: Ball 1-0: Called Strike 1-1: Swinging Strike 1-2: Foul Ball, location: 2F 1-2: Foul Ball, location: 2F 1-2: Ball 2-2: Ground out 1-3 (Groundball, P, EV 68.8 MPH)
|
| Bottom of the 5th over - 0 runs, 0 hits, 0 errors, 0 left on base; Hillsboro 2 - State College 3 |
| TOP OF THE 6TH |
|
Hillsboro Hops batting - Pitching for State College Spikes : LHP Chris Morales
|
|
Batting: RHB Daniel Rivera
|
0-0: Called Strike 0-1: Ball 1-1: Swinging Strike 1-2: Strikes out swinging
|
|
Batting: RHB Alejandro Hernandez
|
0-0: Ball 1-0: Ball 2-0: Ground out 1-3 (Groundball, 25, EV 66.2 MPH)
|
|
Batting: RHB Tim Borden
|
0-0: Called Strike 0-1: Called Strike 0-2: Ball 1-2: Foul Ball, location: 2F 1-2: Ball 2-2: Foul Ball, location: 2F 2-2: Strikes out swinging
|
| Top of the 6th over - 0 runs, 0 hits, 0 errors, 0 left on base; Hillsboro 2 - State College 3 |
| BOTTOM OF THE 6TH |
|
State College Spikes batting - Pitching for Hillsboro Hops : RHP Nick Garland
|
|
Batting: LHB Ignacio Ocampo
|
0-0: Called Strike 0-1: Swinging Strike 0-2: Ball 1-2: Strikes out swinging
|
|
DELAY
|
Rain delay of 34 minutes in the 6th inning.
|
|
Pitching: RHP Dan Thompson
|
|
|
Batting: RHB Joe LaDue
|
0-0: Ball 1-0: Ball 2-0: Ball 3-0: Called Strike 3-1: Foul Ball, location: 2F 3-2: Strikes out looking
|
|
Batting: LHB Jorge Zarazua
|
0-0: Ball 1-0: Foul Ball, location: 2F 1-1: Foul Ball, location: 2F 1-2: SINGLE (Line Drive, 34D, EV 95.6 MPH)
|
|
Batting: RHB McGwire Jones
|
0-0: Called Strike Jorge Zarazua is caught stealing 2nd base 2-4
|
| Bottom of the 6th over - 0 runs, 1 hit, 0 errors, 0 left on base; Hillsboro 2 - State College 3 |
| TOP OF THE 7TH |
|
Hillsboro Hops batting - Pitching for State College Spikes : LHP Chris Morales
|
|
Pinch Hitting: RHB Terry Jarrells
|
0-0: Ball 1-0: Ball 2-0: Called Strike 2-1: SINGLE (Flyball, 8RS, EV 89.4 MPH)
|
|
Batting: RHB Cesar Rendon
|
0-0: Called Strike Terry Jarrells is caught stealing 2nd base 2-4 0-1: Called Strike 0-2: Ball 1-2: Foul Ball, location: 2F 1-2: Ball 2-2: Foul Ball, location: 2F 2-2: Foul Ball, location: 2F 2-2: Ball 3-2: Base on Balls
|
|
Pitching: LHP Jake Hall
|
|
|
Batting: RHB Jonathan Underhill
|
0-0: Ball 1-0: Called Strike 1-1: Ball 2-1: Ball 3-1: Base on Balls Cesar Rendon to second
|
|
Pinch Runner at 2nd Brandon Joshua:
|
|
|
Batting: RHB Ryuki Ogasawara
|
0-0: Foul Ball, location: 2F 0-1: Grounds into double play, 4-6-3 (Groundball, 4, EV 102.5 MPH)
|
| Top of the 7th over - 0 runs, 1 hit, 0 errors, 1 left on base; Hillsboro 2 - State College 3 |
| BOTTOM OF THE 7TH |
|
State College Spikes batting - Pitching for Hillsboro Hops : RHP Dan Thompson
|
|
Now in LF: Brandon Joshua
|
|
|
Now in CF: Yutaka Oki
|
|
|
Now in RF: Chris McGrath
|
|
|
Batting: RHB McGwire Jones
|
0-0: Ball 1-0: Foul Ball, location: 2F 1-1: Fly out, F5 (Popup, 5, EV 64.4 MPH)
|
|
Batting: SHB Justin Houser
|
0-0: Ball 1-0: Called Strike 1-1: Ball 2-1: Ground out 6-3 (Groundball, 6, EV 87.5 MPH)
|
|
Batting: LHB Billy Lang
|
0-0: Ball 1-0: Foul Ball, location: 2F 1-1: Ground out 4-3 (Groundball, 4S, EV 88.1 MPH)
|
| Bottom of the 7th over - 0 runs, 0 hits, 0 errors, 0 left on base; Hillsboro 2 - State College 3 |
| TOP OF THE 8TH |
|
Hillsboro Hops batting - Pitching for State College Spikes : LHP Jake Hall
|
|
Batting: RHB John Ricketts
|
0-0: Ground out 5-3 (Groundball, 5L, EV 100.0 MPH)
|
|
Batting: RHB Yutaka Oki
|
0-0: SINGLE (Groundball, 56S, EV 59.4 MPH) (infield hit)
|
|
Batting: RHB Daniel Rivera
|
0-0: Ball 1-0: Foul Ball, location: 2F 1-1: Ball 2-1: Ball 3-1: Foul Ball, location: 2F 3-2: Foul Ball, location: 2F 3-2: Foul Ball, location: 2F 3-2: Strikes out swinging
|
|
Batting: RHB Alejandro Hernandez
|
0-0: Ball 1-0: Foul Ball, location: 2F 1-1: Called Strike 1-2: Ball 2-2: Ball 3-2: Fly out, F8 (Flyball, 8LD, EV 105.6 MPH)
|
| Top of the 8th over - 0 runs, 1 hit, 0 errors, 1 left on base; Hillsboro 2 - State College 3 |
| BOTTOM OF THE 8TH |
|
State College Spikes batting - Pitching for Hillsboro Hops : RHP Dan Thompson
|
|
Batting: SHB Justin Towry
|
0-0: Foul Ball, location: 2F 0-1: Ball 1-1: Called Strike 1-2: Foul Ball, location: 2F 1-2: Foul Ball, location: 2F 1-2: Strikes out swinging
|
|
Batting: RHB Sam Daw
|
0-0: Ball 1-0: Called Strike 1-1: Ball 2-1: Hit by Pitch
|
|
Batting: RHB Tim Cleary
|
0-0: Called Strike Sam Daw steals 2nd base 0-1: Foul Ball, location: 2F 0-2: Ball 1-2: Foul Ball, location: 2F 1-2: TRIPLE (Line Drive, 8LXD, EV 101.9 MPH) Sam Daw scores
|
|
Pitching: RHP Franklin Salazar
|
|
|
Batting: LHB Ignacio Ocampo
|
0-0: Ball 1-0: Swinging Strike 1-1: Foul Ball, location: 2F 1-2: Strikes out swinging
|
|
Batting: RHB Joe LaDue
|
0-0: Fly out, F8 (Flyball, 8LS, EV 90.6 MPH)
|
| Bottom of the 8th over - 1 run, 1 hit, 0 errors, 1 left on base; Hillsboro 2 - State College 4 |
| TOP OF THE 9TH |
|
Hillsboro Hops batting - Pitching for State College Spikes : LHP Jake Hall
|
|
Pitching: LHP Daniel Aguayo
|
|
|
Batting: RHB Tim Borden
|
0-0: Ball 1-0: Called Strike 1-1: Swinging Strike 1-2: Strikes out swinging
|
|
Batting: RHB Chris McGrath
|
0-0: Ball 1-0: Ball 2-0: Called Strike 2-1: Fly out, F9 (Flyball, 9LM, EV 89.4 MPH)
|
|
Batting: RHB Brandon Joshua
|
0-0: Called Strike 0-1: Ball 1-1: Foul Ball, location: 2F 1-2: Ball 2-2: Foul Ball, location: 2F 2-2: Foul Ball, location: 2F 2-2: Foul Ball, location: 2F 2-2: DOUBLE (Groundball, 5L, EV 101.9 MPH)
|
|
Batting: RHB Jonathan Underhill
|
0-0: Called Strike 0-1: Swinging Strike 0-2: Ball 1-2: Ball Wild Pitch! Brandon Joshua to third 2-2: Foul Ball, location: 2F 2-2: Ball 3-2: Strikes out swinging
|
| Top of the 9th over - 0 runs, 1 hit, 0 errors, 1 left on base; Hillsboro 2 - State College 4 |
|